 Dungeon Crawl Stone Soup version 0.18.1-50-g88ac8fd (webtiles) character file.

33 Ilten the Skirmisher (level 3, -2/36 HPs)
             Began as a Troll Abyssal Knight on Apr 4, 2017.
             Was a Follower of Lugonu.
             Slain by a giant newt (3 damage)
             ... on level 1 of the Dungeon.
             The game lasted 00:04:40 (637 turns).

Ilten the Skirmisher (Troll Abyssal Knight)          Turns: 637, Time: 00:04:41

Health: -2/36      AC:  5    Str: 21    XL:     3   Next: 12%
Magic:  3/3        EV: 10    Int:  8    God:    Lugonu [*.....]
Gold:   15         SH:  0    Dex:  9    Spells: 0 memorised, 2 levels left

rFire  . . .     SeeInvis .       - Unarmed
rCold  . . .     Gourm    +     a - +0 robe
rNeg   . . .     Faith    .     (no shield)
rPois  .         Spirit   .     (helmet restricted)
rElec  .         Dismiss  .     (no cloak)
rCorr  .         Reflect  .     (gloves unavailable)
SustAt .         Harm     .     (boots unavailable)
MR     .....                    (no amulet)
Stlth  +.........               (no ring)
                                (no ring)

@: not resistant to hostile enchantments, very unstealthy
A: unfitting armour, claws 3, fast metabolism 3, gourmand, regeneration 2,
shaggy fur 1, tough skin 2
a: Depart the Abyss, Renounce Religion


You were on level 1 of the Dungeon.
You worshipped Lugonu.
Lugonu was aware of your devotion.
You were not hungry.

You visited 1 branch of the dungeon, and saw 1 of its levels.
You visited the Abyss 1 time.

You collected 15 gold pieces.

Inventory:

Hand Weapons
 f - a -1 dagger
 j - a +0 dagger
Armour
 a - a +0 robe (worn)
Scrolls
 d - a scroll of amnesia {unknown}
 g - a scroll of blinking {unknown}
 h - a scroll of fog {unknown}
Potions
 c - a potion of mutation {unknown}
 e - 2 potions of agility {unknown}
 i - a potion of haste {unknown}
Comestibles
 b - 3 bread rations


   Skills:
 + Level 2.9 Fighting
 + Level 2.3 Dodging
 + Level 2.2 Unarmed Combat
 + Level 1.8 Invocations


You had 2 spell levels left.
You didn't know any spells.

Dungeon Overview and Level Annotations

Branches:
Dungeon (1/15)

Altars:


Innate Abilities, Weirdness & Mutations

You are too large for most types of armour.
You have claws for hands.
Your metabolism is lightning-fast.
You like to eat raw meat.
You heal very quickly.
You are covered in fur (AC +1).
You have very tough skin (AC +2).


Message History

The hobgoblin hits you but does no damage.
The giant newt barely misses you. The hobgoblin barely misses you.
The giant newt barely misses you. The hobgoblin closely misses you.
The giant newt bites you but does no damage.
The hobgoblin hits you with a club.
* * * LOW HITPOINT WARNING * * *
The giant newt bites you but does no damage.
The hobgoblin closely misses you.
The giant newt bites you but does no damage.
The giant newt closely misses you. The hobgoblin barely misses you.
The giant newt barely misses you. The hobgoblin barely misses you.
The giant newt barely misses you.
The hobgoblin hits you but does no damage.
The giant newt barely misses you. The hobgoblin barely misses you.
The giant newt bites you but does no damage.
The hobgoblin barely misses you. The giant newt barely misses you.
The hobgoblin hits you with a club!
* * * LOW HITPOINT WARNING * * *
The giant newt bites you.
You die...

##########........#....#....
..................#....#....
..................#....#....
..................#....##...
#+####...#..................
#.###...............##.#...#
#...................##.#....
#......................#....
#.........g@...........#.#..
#.........l..>.........#....
#......########........#....
.....## ...........#....
....# ............#'#..
....................##......
#...................##......
#...................#.......
###........# .......#.......


You could see a hobgoblin and a giant newt.

Vanquished Creatures
  An ooze (D:1)
  A worm (D:1)
  2 dart slugs (D:1)
  3 bats (D:1)
  5 goblins (D:1)
  A hobgoblin (D:1)
  3 jackals (D:1)
  2 giant newts (D:1)
  2 kobolds (D:1)
  A rat (D:1)
21 creatures vanquished.

Notes
Turn   | Place    | Note
--------------------------------------------------------------
     0 | Abyss:1  | Ilten the Troll Abyssal Knight began the quest for the Orb.
     0 | Abyss:1  | Reached XP level 1. HP: 22/22 MP: 1/1
    11 | D:1      | Escaped the Abyss
   139 | D:1      | Reached XP level 2. HP: 28/29 MP: 2/2
   181 | D:1      | Reached * piety under Lugonu
   516 | D:1      | Reached XP level 3. HP: 36/36 MP: 3/3
   636 | D:1      | HP: 1/36 [hobgoblin/club (7)]
   637 | D:1      | Slain by a giant newt

Skill      XL: |  1  2 |
---------------+-------+-----
Dodging        | 2 |  2.3
Fighting       | |  2.9
Unarmed Combat | |  2.2
Invocations    | |  1.8

Action                   || total
-------------------------++-------
Melee: Unarmed           ||    55
       Dagger            ||     5
Invok: Depart the Abyss  ||     1
  Use: Scroll            ||     2
  Eat: Chunk             ||     3
Armor: Robe              ||    69
Dodge: Dodged            ||   100
